 Dungeon Crawl Stone Soup version 0.30-b1-2-g02819fbbbe (webtiles) character file.

Game seed: 12684718944370863720

3243 redmage the Destroyer (level 10, 0/71 HPs)
             Began as a Meteoran Earth Elementalist on Aug 3, 2023.
             Was a Believer of Sif Muna.
             Slain by a culicivora (shapeshifter) (23 damage)
             ... on level 8 of the Dungeon.
             The game lasted 00:24:34 (1238 turns).

redmage the Destroyer (Meteoran Earth Elementalist) Turns: 1238, Time: 00:24:34

Health: 0/71       AC:  4    Str: 10    XL:     10   Next: 41%
Magic:  5/17       EV: 12    Int: 21    God:    Sif Muna [**....]
Gold:   799        SH:  0    Dex: 15    Spells: 4/15 levels left

rFire   . . .        j - +1 dagger (flame)
rCold   . . .        (no shield)
rNeg    . . .        a - +0 robe
rPois   .            h - +2 hat {Will+}
rElec   .            (no cloak)
rCorr   .            (no gloves)
SInv    .            (no boots)
Will    ++...        (no amulet)
Stlth   +            (no ring)
HPRegen 0.31/turn    (no ring)
MPRegen 0.15/turn

%: no passive effects
@: very slightly contaminated, glowing
A: sense surroundings 2, otherworldly, glowing, explore regen
a: Renounce Religion, Channel Magic


You were on level 8 of the Dungeon.
You worshipped Sif Muna.
Sif Muna was pleased with you.
You visited 2 branches of the dungeon, and saw 10 of its levels.

You collected 799 gold pieces.

Inventory:

Hand Weapons
 j - a +1 dagger of flaming (weapon)
Missiles
 i - 2 curare-tipped darts (quivered)
Armour
 a - a +0 robe (worn)
 h - a +2 hat of willpower (worn)
Jewellery
 c - a ring of ice
Wands
 p - a wand of charming (3)
Scrolls
 e - 2 scrolls of teleportation
 f - a scroll of vulnerability
 k - 2 scrolls of enchant weapon
Potions
 b - a potion of magic
 d - 2 potions of curing
 g - a potion of flight


   Skills:
 - Level 1.2 Fighting
 - Level 2.4 Dodging
 - Level 1.4 Stealth
 - Level 3.4 Spellcasting
 - Level 8.1 Conjurations
 - Level 2.3 Transmutations
 * Level 5.8 Ice Magic
 * Level 6.4 Air Magic
 - Level 7.6 Earth Magic
 + Level 8.0 Invocations


You had 4 spell levels left.
You knew the following spells:

 Your Spells              Type           Power      Damage    Failure   Level
a - Sandblast             Erth           70%        2d15      1%          1
b - Passwall              Tmut/Erth      20%        N/A       2%          2
c - Stone Arrow           Conj/Erth      72%        3d11      1%          3
d - Freezing Cloud        Conj/Ice/Air   16%        6-21      22%         5

Your spell library contained the following spells:

 Spells                   Type           Power      Damage    Failure   Level
 Cigotuvi's Dreadful Rot  Necr/Pois/Air  24%        N/A       9%          2
 Petrify                  Tmut/Erth      24%        N/A       16%         4
 Leda's Liquefaction      Hex/Erth       9%         N/A       26%         4
 Ignite Poison            Fire/Tmut/Pois 6%         N/A       28%         3
 Call Canine Familiar     Summ           3%         N/A       36%         3
 Portal Projectile        Hex/Tloc       6%         N/A       36%         3
 Irradiate                Conj/Tmut      12%        3d15      38%         5
 Blade Hands              Tmut           6%         N/A       80%         5
 Dragon Form              Tmut           6%         N/A       100%        7


Dungeon Overview and Level Annotations

Branches:
Dungeon (9/15) Zot: 4142   Temple (1/1) D:5 Zot: 552
   Lair: D:8-11         Orc: D:9-12

Altars:
Ashenzari
Cheibriados
Dithmenos
Elyvilon
Fedhas
Gozag
Hepliaklqana
Kikubaaqudgha
Makhleb
Nemelex Xobeh
Okawaru
Qazlal
Ru
Sif Muna
Trog
Vehumet
Wu Jian
Yredelemnul
Zin

Annotations:
D:2 exclusion: upstairs
D:3 exclusion: upstairs
D:4 exclusion: upstairs
D:7 exclusion: upstairs


Innate Abilities, Weirdness & Mutations

You passively map the area around you.
You are easily found by Zot.
You glow in the dark.
You regain HP and MP as you explore.


Message History

Confirm with . or Enter, or press ? or * to list all spells.
Aiming: Stone Arrow (safe; 1% risk of failure)
Press: ? - help, Shift-Dir - straight line, f - culicivora
Aim: a culicivora (54% to hit)
The stone arrow misses the culicivora.
The culicivora bites you!
The culicivora draws strength from your injuries!
The culicivora bites you.
The culicivora draws strength from your injuries!
Unknown command.
Unknown command.
Casting: Stone Arrow (safe; 1% risk of failure)
Confirm with . or Enter, or press ? or * to list all spells.
Aiming: Stone Arrow (safe; 1% risk of failure)
Press: ? - help, Shift-Dir - straight line, f/p - culicivora
Aim: a culicivora (54% to hit)
The stone arrow hits the culicivora!!
The culicivora is severely wounded.
The culicivora bites you.
The culicivora draws strength from your injuries!
Unknown command.
Casting: Stone Arrow (safe; 1% risk of failure)
Confirm with . or Enter, or press ? or * to list all spells.
Aiming: Stone Arrow (safe; 1% risk of failure)
Press: ? - help, Shift-Dir - straight line, f/p - culicivora
Aim: a culicivora (heavily wounded, 54% to hit)
You miscast Stone Arrow.
You are very lightly contaminated with residual magic.
Nothing appears to happen.
The culicivora bites you.
The culicivora draws strength from your injuries!
The culicivora misses you.
Unknown command.
Casting: Stone Arrow (safe; 1% risk of failure)
Confirm with . or Enter, or press ? or * to list all spells.
Aiming: Stone Arrow (safe; 1% risk of failure)
Press: ? - help, Shift-Dir - straight line, f/p - culicivora
Aim: a culicivora (heavily wounded, 54% to hit)
The stone arrow hits the culicivora!
The culicivora is almost dead.
The culicivora bites you!!
You die...

, ,, ,* #.. , * ,
,,,, , ... * , ,,
#.#* ,* , *
######.############
*** , ,
#..................,,
, ,, ##......>)....#
* * * #....#.)...#..#
* ##.##....##...##
,,## *
.......@s###.## , .#
, ......###.##.# *
#.# *.# ......, #.#.#
*##..# #.# *.....
..####.####..#
#####.###....,
#.....⌠.....##
........#....
...####.####..#####
........#...., ,* *
#.#.###......
........# #.# * ,
#.##.###.####
........# #.#
..,.###.###........


You could see a culicivora.

Vanquished Creatures
  Gastronok (D:8)
  A two-headed ogre (D:8)
  Grinder (D:5)
  Prince Ribbit (D:7)
  Sigmund (D:6)
  A water moccasin (D:6)
  An orc warrior (D:7)
  An ice beast (D:6)
  2 black bears
  A centaur (D:8)
  A phantom (D:6)
  2 kobold brigands
  A bullfrog (D:8)
  2 bullfrog zombies (D:6)
  A centaur zombie (D:6)
  2 bullfrog skeletons (D:6)
  A hound (D:5)
  2 jellies (D:6)
  A gnoll bouda (D:7)
  An orc priest (D:6)
  A sleepcap (D:6)
  3 iguanas
  3 orc wizards
  9 gnolls
  4 adders
  A white imp (D:6)
  An ufetubus (D:6)
  A worm (D:2)
  13 orcs
  3 endoplasms (D:1)
  A giant cockroach (D:2)
  2 goblins
  5 hobgoblins
  12 kobolds
  A ball python (D:1)
  2 bats
  A frilled lizard (D:3)
88 creatures vanquished.

Notes
Turn   | Place    | Note
-------+----------+-------------------------------------------
     0 | D:1      | redmage the Meteoran Earth Elementalist began the quest for
                  | the Orb.
     0 | D:1      | Reached XP level 1. HP: 14/14 MP: 5/5
    12 | D:1      | Reached XP level 2. HP: 20/20 MP: 2/6
   124 | D:1      | Learned a level 2 spell: Passwall
   175 | D:2      | Reached XP level 3. HP: 26/26 MP: 6/8
   180 | D:2      | Learned a level 3 spell: Stone Arrow
   249 | D:5      | Entered Level 5 of the Dungeon
   253 | D:5      | Reached skill level 1 in Fighting
   253 | D:5      | Reached XP level 4. HP: 35/35 MP: 3/10
   277 | D:5      | Noticed a kobold brigand
   284 | D:5      | Killed a kobold brigand
   285 | D:5      | Reached skill level 5 in Earth Magic
   285 | D:5      | Reached XP level 5. HP: 38/40 MP: 5/11
   305 | D:5      | Found an ornate altar of the Wu Jian Council.
   305 | D:5      | Found a sparkling altar of Nemelex Xobeh.
   306 | D:5      | Found a broken altar of Ashenzari.
   316 | D:5      | Noticed a black bear
   320 | D:5      | Killed a black bear
   321 | D:5      | Reached XP level 6. HP: 47/47 MP: 5/12
   327 | D:5      | Found a staircase to the Ecumenical Temple.
   338 | Temple   | Entered the Ecumenical Temple
   377 | Temple   | Became a worshipper of Sif Muna the Loreminder
   412 | D:5      | Found a blossoming altar of Fedhas.
   431 | D:6      | Noticed Sigmund
   432 | D:6      | Noticed an ice beast
   499 | D:6      | Noticed Grinder
   509 | D:5      | Killed Grinder
   510 | D:5      | Reached skill level 5 in Conjurations
   510 | D:5      | Reached XP level 7. HP: 47/52 MP: 1/13
   586 | D:6      | Found a hazy altar of Hepliaklqana.
   613 | D:6      | Reached skill level 1 in Invocations
   622 | D:6      | HP: 1/52 [black bear (6)]
   625 | D:6      | Reached XP level 8. HP: 11/59 MP: 0/14
   750 | D:6      | Found a sacrificial altar of Ru.
   794 | D:6      | Reached * piety under Sif Muna
   795 | D:6      | Gained mutation: You passively map the area around you.
                  | [Meteoran growth]
   795 | D:6      | Reached XP level 9. HP: 62/64 MP: 7/15
   835 | D:7      | Reached skill level 5 in Invocations
   862 | D:6      | Killed Sigmund
   878 | D:6      | Learned a level 5 spell: Freezing Cloud
   956 | D:8      | Reached skill level 1 in Ice Magic
   956 | D:8      | Reached skill level 1 in Air Magic
   968 | D:7      | Noticed Prince Ribbit
   992 | D:7      | Killed Prince Ribbit
  1076 | D:8      | Identified a scroll of acquirement
  1076 | D:8      | Acquired 622 gold pieces
  1150 | D:8      | Found a snail-covered altar of Cheibriados.
  1164 | D:8      | Noticed Gastronok
  1165 | D:8      | Noticed a two-headed ogre
  1179 | D:8      | Killed Gastronok
  1180 | D:8      | Reached skill level 5 in Ice Magic
  1180 | D:8      | Reached XP level 10. HP: 71/71 MP: 10/16
  1224 | D:9      | Noticed a kobold demonologist
  1228 | D:8      | Reached ** piety under Sif Muna
  1238 | D:8      | Slain by a culicivora (shapeshifter)

Illustrated notes

Levels and vault maps discovered:
D:1:      amcnicky_arrival_underground_garden, layout_basic,
          chequers_mini_garden
D:2:      layout_loops_ring, shapermc_ecumenical_altar_ellora
D:3:      minmay_door_path, layout_basic, nicolae_tso_carved_into_rock,
          uniq_jessica
D:4:      layout_cave_pools, dk_xom_monty_hall, cheibrodos_sewer_entry_bend,
          uniq_natasha, uniq_edmund, uniq_eustachio
D:5:      corexii_shack_village, layout_basic,
          mainiacjoe_overflow_surrounded_room, gammafunk_temple_overflow_claw,
          minmay_temple_entry_large_hall
D:6:      layout_rooms, mainiacjoe_overflow_alcove_2,
          nicolae_hepliaklqana_hazy_memory, serial_undead, serial_undead_e,
          serial_undead_e, serial_undead_e, serial_undead_c, uniq_grinder,
          uniq_sigmund
D:7:      layout_rooms, kennysheep_doodads, uniq_prince_ribbit1
D:8:      layout_basic, mainiacjoe_overflow_six_doors_small, kb_rosetta,
          uniq_maurice, uniq_gastronok, uniq_erica
D:9:      layout_basic, lemuel_crystal_altar, dpeg_lair_monsters, uniq_erolcha,
          uniq_joseph, uniq_grum
Temple:   hellmonk_temple_forest_ring

Skill      XL: |  1  2  3  4  5  6  7  8  9 10 |
---------------+-------------------------------+-----
Earth Magic    | 4 5 6 7 |  7.6
Spellcasting   | 3 |  3.4
Transmutations | 2 |  2.3
Fighting       | 1 |  1.2
Conjurations   | 2 3 5 6 7 8 |  8.1
Invocations    | 2 4 7 8 |  8.0
Ice Magic      | 5 |  5.8
Air Magic      | 6 |  6.4
Dodging        | |  2.4
Stealth        | |  1.4

Action                     |  1- 3 |  4- 6 |  7- 9 | 10-12 || total
---------------------------+-------+-------+-------+-------++-------
  Melee: Dagger            |       |     4 |     3 |       ||     7
  Throw: Dart              |       |       |     4 |       ||     4
   Cast: Sandblast         |    35 |    12 |    67 |     3 ||   117
         Stone Arrow       |     1 |     6 |    32 |     4 ||    43
         Passwall          |       |       |     1 |       ||     1
  Evoke: Wand              |       |       |     4 |       ||     4
    Use: Scroll            |     3 |     1 |     6 |       ||    10
         Potion            |       |       |     3 |       ||     3
   Stab: Sleeping          |       |       |     1 |       ||     1
 Armour: Robe              |       |     2 |     9 |     1 ||    12
  Dodge: Dodged            |     6 |     5 |    29 |     6 ||    46
